 Dungeon Sprint DCSS version 0.21-a0-401-g0b6bec4 (webtiles) character file.

3700000 Ordine the Axe Maniac (level 24, -147/227 HPs)
             Began as a Formicid Fighter on Oct 23, 2017.
             Was the Champion of Makhleb.
             Annihilated by a destroyer
             ... wielding a +9 great sword of slicing
              (208 damage)
             ... in the Dungeon (Sprint VIII: "Arena of Blood").
             The game lasted 00:05:15 (37 turns).

Ordine the Axe Maniac (Formicid Fighter)              Turns: 37, Time: 00:05:16

Health: -147/227   AC: 13    Str: 32    XL:     24   Next: 60%
Magic:  19/54      EV: 24    Int:  9    God:    Makhleb [******]
Gold:   0          SH: 19    Dex: 10    Spells: 77/77 levels left

rFire    . . .     SeeInvis +   l - +∞ Axe of Woe
rCold    . . .     Gourm    .   c - +0 shield
rNeg     . . .     Faith    .   b - +0 scale mail
rPois    .         Spirit   .   (helmet unavailable)
rElec    .         Reflect  .   (no cloak)
rCorr    .         Harm     .   (no gloves)
MR       ++...                  (no boots)
Stlth    ++++++++..             (no amulet)
HPRegen  0.47/turn              (no ring)
MPRegen  0.34/turn              (no ring)

@: no status effects
A: permanent stasis, dig shafts and tunnels, four strong arms, antennae 3
a: Dig, Minor Destruction, Lesser Servant of Makhleb, Major Destruction, Greater
Servant of Makhleb, Renounce Religion


You were in the Dungeon.
You worshipped Makhleb.
Makhleb was exalted by your worship.
You were not hungry.

You visited 1 branch

Inventory:

Hand Weapons
 a - a +0 war axe
 l - the +∞ Axe of Woe (weapon)
   (You found it in the Dungeon)
Armour
 b - a +0 scale mail (worn)
 c - a +0 shield (worn)
Scrolls
 k - a scroll of blinking
Potions
 d - a potion of might
 e - a potion of curing
 g - a potion of heal wounds
 h - a potion of haste
 i - 2 potions of magic
 j - a potion of berserk rage
Comestibles
 f - a bread ration


   Skills:
 O Level 27 Fighting
 O Level 27 Axes
 O Level 27 Throwing
 O Level 27 Armour
 O Level 27 Dodging
 O Level 27 Stealth
 O Level 27 Shields
 O Level 27 Unarmed Combat
 O Level 27 Spellcasting
 O Level 27 Invocations


You had 77 spell levels left.
You didn't know any spells.

Dungeon Overview and Level Annotations

Branches:
Dungeon (1/1)

Altars:
Makhleb

Annotations:
D The Servant


Innate Abilities, Weirdness & Mutations

You cannot be hasted, slowed, berserked, paralysed or teleported.
You can dig through walls and to a lower floor.
Your four strong arms can wield two-handed weapons with a shield.
You have a pair of large antennae on your head. (SInv)


Message History

Makhleb accepts your kill.
You feel better.
You slice the bag of meat!!
You hew the bag of meat savagely.
You kill the bag of meat!
Makhleb accepts your kill.
You feel better.
You are engulfed in blazing flames.
You hear a shout! x4
The eight-headed meat hydra calls on the powers of darkness!
The eight-headed meat hydra convulses!
The bag of meat convulses!
The eight-headed meat hydra convulses!
The bag of meat convulses!
Your body is wracked with pain!
* * * LOW HITPOINT WARNING * * *
You hear a shout! x2
A bag of meat comes into view. It is wielding a +9 war axe.
Unknown command.
Unknown command. 2 orcs come into view.
You hear a shout! x8
The destroyer hits you with a +9 great sword of slicing!!!!!
Ouch! That really hurt!
You die...

........)D###......
..#o....)))_..o....
#.......#))...#....
.....D..#_)<._# .
#....§§§#.)..%#.
..#..§§§§§._......
...o.§§§§§###......
.....###§§§.O..###.
.... #@§§....# o.
#V......# {
O.....V..
{..o....@.. {
........... {
o..........o
...#.o......#
o............#


You could see The Servant, an eight-headed meat hydra, 2 destroyers, 2 meat
berserkers and 7 bags of meat.

Vanquished Creatures
  2 vampire knights (D)
  7 ogres (D)
  3 two-headed ogres (D)
  18 orcs (D)
  A skeletal warrior (D)
31 creatures vanquished.

Notes
Turn   | Place    | Note
-------+----------+-------------------------------------------
     0 | D        | Found the +∞ Axe of Woe
     0 | D        | Ordine the Formicid Fighter began the quest for the Orb.
     0 | D        | Reached XP level 1. HP: 18/18 MP: 1/1
     3 | D        | Became a worshipper of Makhleb the Destroyer
     4 | D        | Noticed a meat berserker
     4 | D        | Noticed a meat berserker
     5 | D        | Noticed a bag of meat
     5 | D        | Noticed a bag of meat
     5 | D        | Noticed a bag of meat
     6 | D        | Noticed a bag of meat
     6 | D        | Noticed a bag of meat
     6 | D        | Noticed a bag of meat
     6 | D        | Noticed a meat berserker
     7 | D        | Noticed a bag of meat
     7 | D        | Killed a meat berserker
     7 | D        | Reached XP level 2. HP: 24/24 MP: 2/2
     7 | D        | Reached XP level 3. HP: 29/29 MP: 3/3
     7 | D        | Reached XP level 4. HP: 35/35 MP: 4/4
     7 | D        | Reached XP level 5. HP: 41/41 MP: 5/5
     7 | D        | Reached XP level 6. HP: 47/47 MP: 6/6
     7 | D        | Reached XP level 7. HP: 52/52 MP: 7/7
     7 | D        | Reached XP level 8. HP: 58/58 MP: 8/8
     7 | D        | Reached XP level 9. HP: 64/64 MP: 9/9
     7 | D        | Reached XP level 10. HP: 70/70 MP: 10/10
     7 | D        | Reached XP level 11. HP: 75/75 MP: 11/11
     7 | D        | Reached XP level 12. HP: 81/81 MP: 12/12
     7 | D        | Reached XP level 13. HP: 86/86 MP: 13/13
     8 | D        | Noticed a bag of meat
     8 | D        | Noticed a meat berserker
     8 | D        | Noticed a bag of meat
     8 | D        | Killed a bag of meat
     8 | D        | Reached * piety under Makhleb
     8 | D        | Reached skill level 5 in Dodging
     8 | D        | Reached XP level 14. HP: 64/103 MP: 13/19
     8 | D        | Killed a bag of meat
     8 | D        | Reached XP level 15. HP: 70/114 MP: 13/22
     9 | D        | Killed a meat berserker
     9 | D        | Reached skill level 10 in Dodging
     9 | D        | Reached XP level 16. HP: 127/127 MP: 13/25
     9 | D        | Reached ** piety under Makhleb
     9 | D        | Killed a meat berserker
     9 | D        | Reached skill level 15 in Fighting
     9 | D        | Reached skill level 27 in Axes
     9 | D        | Reached skill level 15 in Armour
     9 | D        | Reached XP level 17. HP: 142/142 MP: 13/29
    11 | D        | Killed a meat berserker
    11 | D        | Reached *** piety under Makhleb
    11 | D        | Reached skill level 15 in Dodging
    11 | D        | Reached skill level 27 in Stealth
    11 | D        | Reached XP level 18. HP: 158/158 MP: 13/31
    12 | D        | Noticed a meat berserker
    13 | D        | Reached skill level 27 in Shields
    14 | D        | Noticed a meat berserker
    14 | D        | Reached **** piety under Makhleb
    14 | D        | Reached XP level 19. HP: 172/172 MP: 14/34
    15 | D        | Killed a meat berserker
    16 | D        | Reached XP level 20. HP: 188/188 MP: 14/36
    17 | D        | Noticed a meat berserker
    17 | D        | Killed a meat berserker
    17 | D        | Reached ***** piety under Makhleb
    17 | D        | Reached skill level 27 in Invocations
    20 | D        | Reached skill level 27 in Fighting
    20 | D        | Reached skill level 27 in Armour
    20 | D        | Reached XP level 21. HP: 204/204 MP: 15/38
    21 | D        | Noticed a large bag of meat
    23 | D        | Reached skill level 27 in Dodging
    24 | D        | Killed a meat berserker
    24 | D        | Reached XP level 22. HP: 212/212 MP: 16/42
    25 | D        | Noticed a destroyer
    25 | D        | Noticed a large bag of meat
    25 | D        | Noticed a large bag of meat
    25 | D        | Noticed a destroyer
    25 | D        | Noticed a large bag of meat
    27 | D        | Reached ****** piety under Makhleb
    28 | D        | Noticed a destroyer
    28 | D        | Killed a destroyer
    28 | D        | Reached XP level 23. HP: 219/219 MP: 16/49
    31 | D        | Killed a large bag of meat
    33 | D        | Killed a large bag of meat
    34 | D        | Noticed a destroyer
    34 | D        | Noticed The Servant
    35 | D        | Killed a large bag of meat
    35 | D        | Reached skill level 27 in Throwing
    35 | D        | Reached skill level 27 in Unarmed Combat
    35 | D        | Reached skill level 27 in Spellcasting
    35 | D        | Reached XP level 24. HP: 93/227 MP: 18/54
    36 | D        | Killed a destroyer
    37 | D        | Annihilated by a destroyer

Vault maps used:
D:        meatsprint

Skill      XL: |  1  2  3  4  5  6  7  8  9 10 11 12 13 14 15 16 17 18 19 20 21 22 23 |
---------------+----------------------------------------------------------------------+-----
Axes           | 22 23 24 25 27 | 27.0
Stealth        | 20 21 22 23 25 27 | 27.0
Shields        | 19 20 21 22 23 25 27 | 27.0
Fighting       | 7 9 12 15 18 21 24 27 | 27.0
Armour         | 7 9 12 15 18 21 24 27 | 27.0
Dodging        | 5 7 10 13 15 18 20 24 27 | 27.0
Invocations    | 6 9 12 16 19 22 25 27 | 27.0
Throwing       | 16 22 27 | 27.0
Unarmed Combat | 16 22 27 | 27.0
Spellcasting   | 16 22 27 | 27.0

Action                   |  1- 3 |  4- 6 |  7- 9 | 10-12 | 13-15 | 16-18 | 19-21 | 22-24 || total
-------------------------+-------+-------+-------+-------+-------+-------+-------+-------++-------
Melee: Executioner's axe |     1 |       |       |       |     2 |     4 |     7 |     9 ||    23
 Stab: Distracted        |       |       |       |       |       |       |       |     1 ||     1
Dodge: Dodged            |       |       |       |       |     1 |       |     1 |     1 ||     3
Block: Shield            |       |       |       |       |     1 |       |       |       ||     1

Table legend:
 A = Spawn XP
 B = Non-spawn XP
 C = Spawn XP percentage of total XP
 D = Spawn monster count
 E = Non-spawn monster count
 F = Spawn count percentage of total count
 G = Total turns spent on level
                    A         B        C        D         E        F      G
               +---------+---------+-------+---------+---------+-------+---------
         Total |       0 |  766257 |   0.0 |       0 |      31 |   0.0 |    37
               +---------+---------+-------+---------+---------+-------+---------
             D |       0 |  766257 |   0.0 |       0 |      31 |   0.0 |    37
               +---------+---------+-------+---------+---------+-------+---------
